 Dungeon Crawl Stone Soup version 0.29.1 (webtiles) character file.

Game seed: 16361905839272854113

2353 raistware the Thaumaturge (level 9, -10/51 HPs)
             Began as an Octopode Conjurer on Sept 15, 2022.
             Was a Follower of Vehumet.
             Killed from afar by an acid dragon (34 damage)
             ... with a splash of acid
             ... on level 7 of the Dungeon.
             The game lasted 00:20:14 (8960 turns).

raistware the Thaumaturge (Octopode Conjurer)       Turns: 8960, Time: 00:20:14

Health: -10/51     AC: -3    Str:  6    XL:     9   Next: 43%
Magic:  22/22      EV: 13    Int: 25    God:    Vehumet [*.....]
Gold:   342        SH:  0    Dex: 10    Spells: 19/26 levels left

rFire   . . .      SeeInvis .   d - +3 spear
rCold   . . .      Faith    .   (no shield)
rNeg    . . .      Spirit   .   (helmet restricted)
rPois   .          Reflect  .   j - amulet of magic regeneration
rElec   .          Harm     .   (no ring)
rCorr   .          Rampage  .   (no ring)
Will    .....                   (no ring)
Stlth   +++.......              (no ring)
HPRegen 0.17/turn               (no ring)
MPRegen 0.58/turn               (no ring)
                                (no ring)
                                (no ring)

@: corroded
A: almost no armour, amphibious, 8 rings, camouflage 1, gelatinous body 1,
(nimble swimmer 1), tentacles
a: Renounce Religion


You were on level 7 of the Dungeon.
You worshipped Vehumet.
Vehumet was aware of your devotion.
You visited 2 branches of the dungeon, and saw 8 of its levels.

You collected 342 gold pieces.

Inventory:

Hand Weapons
 d - a +3 spear (weapon)
 h - a +3 quarterstaff of chaos
Missiles
 c - 2 javelins
 r - 4 poisoned darts
Jewellery
 j - an amulet of magic regeneration (around mantle)
Wands
 a - a wand of polymorph (1)
 q - a wand of flame (21)
Scrolls
 e - 5 scrolls of teleportation
 f - 3 scrolls of vulnerability
 g - 3 scrolls of noise
 i - 3 scrolls of enchant armour
 k - a scroll of blinking
 l - a scroll of magic mapping
 m - 3 scrolls of poison
 p - a scroll of fear {unknown}
 s - a scroll of immolation {unknown}
 t - a scroll of amnesia {unknown}
Potions
 b - a potion of curing
 n - a potion of berserk rage
 o - a potion of heal wounds
 u - a potion of lignification {unknown}


   Skills:
 - Level 2.0 Dodging
 - Level 2.6 Stealth
 + Level 9.4 Spellcasting
 - Level 8.0 Conjurations
 - Level 2.0 Translocations


You had 19 spell levels left.
You knew the following spells:

 Your Spells              Type           Power      Damage    Failure   Level
a - Magic Dart            Conj           100%       1d8       1%          1
b - Iskenderun's Mystic   Conj/Tloc      36%        2d9       7%          4
q - Blink                 Tloc           42%        N/A       3%          2

Your spell library contained the following spells:

 Spells                   Type           Power      Damage    Failure   Level
 Foxfire                  Conj/Fire      100%       2x1d9     1%          1
 Searing Ray              Conj           100%       2d8       1%          2
 Dazzling Flash           Conj/Hex       62%        N/A       3%          3
 Fulminant Prism          Conj/Hex       15%        3d11      10%         4
 Ozocubu's Armour         Ice            11%        N/A       16%         3
 Manifold Assault         Tloc           21%        N/A       54%         5
 Metabolic Englaciation   Hex/Ice        5%         N/A       82%         5
 Simulacrum               Ice/Necr       5%         N/A       100%        6
 Storm Form               Tmut/Air       5%         N/A       100%        7


Dungeon Overview and Level Annotations

Branches:
Dungeon (7/15)             Temple (1/1) D:4

Altars:
Ashenzari
Cheibriados
Dithmenos
Fedhas
Kikubaaqudgha
Makhleb
Qazlal
Sif Muna
Trog
Uskayaw
Vehumet
Wu Jian
Xom
Zin


Innate Abilities, Weirdness & Mutations

You cannot wear most types of armour.
You are amphibious.
You can wear up to eight rings at the same time.
Your skin changes colour to match your surroundings (Stealth+).
Your rubbery body absorbs attacks. (AC +1, EV +1)
((You are camouflaged when in or above water. (Stealth+)))
You have tentacles for arms and can constrict up to eight enemies at once.


Message History

Aiming: Polymorph
Press: ? - help, Shift-Dir - straight line, f - acid dragon
Aim: an acid dragon (wandering, hasn't noticed you, will become a sky beast, a wyvern, or a tengu, chance to affect: 49%)
The acid dragon roars!
The acid dragon resists with some effort.
Aiming: Polymorph
Press: ? - help, Shift-Dir - straight line, f/p - acid dragon
Aim: an acid dragon (will become a sky beast, a wyvern, or a tengu, chance to affect: 49%)
The acid dragon resists with some effort.
The acid dragon spits acid at you. The splash of acid hits you!!
Ouch! That really hurt!
The acid corrodes you!
You hear an angry hiss.
There is a stone staircase leading up here.
You climb upwards.
There is a stone staircase leading down here.
Things that are here:
a +0 chain mail; a +0 whip You are no longer corroded.
Things that are here:
a +0 leather armour; a +0 hand axe; an orc skeleton
There is a stone staircase leading down here.
You start resting.
HP restored.
You climb downwards.
There is a stone staircase leading up here.
Aiming: Polymorph
Press: ? - help, Shift-Dir - straight line, f - acid dragon
Aim: an acid dragon (will become a sky beast, a wyvern, or a tengu, chance to affect: 49%)
The acid dragon resists with some effort.
A scorpion comes into view.
The acid dragon spits acid at you. The splash of acid hits you!!
Ouch! That really hurt!
The acid corrodes you! The acid dragon spits acid at you.
The splash of acid hits you!!
Ouch! That really hurt!
You die...

. .. ... n#. . ...
...# .## .... .....
..##....$
...:.##..#.#.$.
.............
.##.......... ######
[##..@.......
#..).##....##.......
#...<..##./# .......
#..........# .......
#####.D....# #.#..s.
...............
...##.
......?...D.... ..##
##.......##.... ..#
#.....#.# #...


You could see an acid dragon (catching breath), a necrophage and a scorpion.

Vanquished Creatures
  Pikel (D:6)
  Grinder (D:3)
  A fire bat (D:5)
  A water moccasin (D:6)
  An ice beast (D:6)
  A wolf (D:6)
  2 ogres
  A centaur (D:5)
  A necrophage (D:6)
  3 scorpions
  2 jellies
  3 hounds (D:5)
  Crazy Yiuf (D:2)
  5 orc priests
  5 iguanas
  3 orc wizards
  6 adders
  A shadow imp (D:6)
  An ufetubus (D:6)
  2 worms
  2 dart slugs
  20 orcs
  8 bats
  5 endoplasms
  2 giant cockroaches
  10 goblins
  6 hobgoblins
  6 jackals
  8 kobolds
  6 quokkas
  7 ball pythons
  3 frilled lizards
  7 rats
132 creatures vanquished.

Vanquished Creatures (others)
  Blork the orc (D:5)
  2 fungi (D:2)
  9 plants (D:2)
12 creatures vanquished.

Grand Total: 144 creatures vanquished

Notes
Turn   | Place    | Note
-------+----------+-------------------------------------------
     0 | D:1      | raistware the Octopode Conjurer began the quest for the
                  | Orb.
     0 | D:1      | Reached XP level 1. HP: 11/11 MP: 3/3
    97 | D:1      | You fall into a shaft and drop 1 floor!
   593 | D:2      | Reached XP level 2. HP: 5/17 MP: 0/5
  1179 | D:1      | Reached skill level 3 in Spellcasting
  1504 | D:1      | Reached XP level 3. HP: 21/21 MP: 4/7
  1899 | D:2      | Reached XP level 4. HP: 22/27 MP: 4/9
  1912 | D:2      | Learned a level 4 spell: Iskenderun's Mystic Blast
  1960 | D:2      | Found a faded altar of an unknown god.
  2009 | D:2      | Reached skill level 4 in Spellcasting
  2028 | D:2      | Learned a level 2 spell: Blink
  2300 | D:2      | Found a runed translucent door.
  2301 | D:2      | Noticed Crazy Yiuf
  2487 | D:3      | Reached skill level 1 in Translocations
  2742 | D:3      | Noticed Grinder
  2744 | D:3      | Paralysed by Grinder for 3 turns
  2753 | D:3      | Paralysed by Grinder for 2 turns
  2762 | D:3      | Killed Grinder
  2763 | D:3      | Reached skill level 5 in Spellcasting
  2763 | D:3      | Reached XP level 5. HP: 15/31 MP: 0/13
  2763 | D:3      | Reached XP level 6. HP: 18/36 MP: 0/14
  3175 | D:3      | Reached skill level 6 in Spellcasting
  3583 | D:4      | Found a staircase to the Ecumenical Temple.
  3599 | Temple   | Entered the Ecumenical Temple
  3637 | Temple   | Became a worshipper of Vehumet
  4391 | D:4      | Reached XP level 7. HP: 41/41 MP: 12/16
  4465 | D:5      | Entered Level 5 of the Dungeon
  4486 | D:5      | Reached skill level 7 in Spellcasting
  5165 | D:5      | Noticed Edmund
  5167 | D:5      | Noticed Edmund
  5167 | D:5      | Edmund changed into Edmund the boggart
  5169 | D:5      | Noticed Edmund
  5169 | D:5      | Edmund the boggart changed into Edmund the fire bat
  5174 | D:5      | Killed Edmund the fire bat
  5174 | D:5      | Reached * piety under Vehumet
  5174 | D:5      | Offered knowledge of Foxfire by Vehumet.
  5175 | D:5      | Reached skill level 8 in Spellcasting
  5175 | D:5      | Reached XP level 8. HP: 23/46 MP: 2/20
  5842 | D:5      | Found a shimmering altar of Xom.
  5871 | D:5      | Reached skill level 5 in Conjurations
  6041 | D:5      | Found a stormy altar of Qazlal.
  6048 | D:5      | Noticed Blork the orc
  6056 | D:5      | Killed Blork the orc
  7347 | D:6      | Found a hide-covered altar of Uskayaw.
  7667 | D:6      | Reached XP level 9. HP: 51/51 MP: 17/21
  8355 | D:7      | Noticed Pikel
  8490 | D:2      | Killed Crazy Yiuf
  8628 | D:6      | Killed Pikel
  8629 | D:6      | Reached skill level 9 in Spellcasting
  8960 | D:7      | Killed from afar by an acid dragon

Illustrated notes

Levels and vault maps discovered:
D:1:      dpeg_arrival_circle_labyrinth_c, layout_basic
D:2:      layout_loops_ring, ebering_ecumenical_altar_mist, serial_forest,
          infiniplex_forest_clump_diagonal, infiniplex_forest_lined_3,
          infiniplex_forest_straight_5, infiniplex_forest_pool,
          infiniplex_forest_lined_2, infiniplex_forest_lined_room_2,
          infiniplex_forest_end_double, infiniplex_forest_clump_small,
          infiniplex_forest_clump_C, infiniplex_forest_end_double, st_stairs_1,
          uniq_crazy_yiuf_cottage
D:3:      layout_loops_cross, kennysheep_generic_room_2, uniq_grinder
D:4:      layout_basic, minmay_temple_entry_antechambers, roderic_lattice_a,
          kennysheep_nub, st_stairs_6, minmay_misc_feat_roman,
          hangedman_minor_gate_pass
D:5:      layout_loops_corners, mainiacjoe_overflow_catwalk_spiral,
          uniq_blork_the_orc, uniq_edmund
D:6:      layout_basic, nicolae_uskayaw_dance_hall, kennysheep_generic_room_7
D:7:      layout_rooms, uniq_pikel
Temple:   mainiacjoe_temple_coin_purse

Skill      XL: |  1  2  3  4  5  6  7  8  9 |
---------------+----------------------------+-----
Spellcasting   | 3 5 6 8 9 |  9.4
Translocations | 2 |  2.0
Conjurations   | 8 |  8.0
Dodging        | |  2.0
Stealth        | |  2.6

Action                   |  1- 3 |  4- 6 |  7- 9 || total
-------------------------+-------+-------+-------++-------
Melee: Unarmed           |     3 |       |       ||     3
       Dagger            |     5 |     1 |       ||     6
       Constrict         |     2 |     2 |     9 ||    13
       Tentacles         |     1 |     1 |     5 ||     7
       Spear             |       |     4 |    31 ||    35
       Punch             |       |       |     1 ||     1
Throw: Dart              |       |       |     4 ||     4
 Cast: Magic Dart        |    80 |   102 |   150 ||   332
       Iskenderun's Myst |       |     7 |    29 ||    36
Evoke: Wand              |       |       |    10 ||    10
  Use: Potion            |       |     4 |       ||     4
       Scroll            |       |       |     9 ||     9
 Stab: Sleeping          |     1 |     1 |       ||     2
Armor: Skin              |     3 |     1 |     2 ||     6
Dodge: Dodged            |    12 |    11 |    42 ||    65
